 Dungeon Crawl Stone Soup version 0.28.0-53-g5a82cb258f (webtiles) character file.

Game seed: 10128602258696309289

252 Icepheonix32 the Chiller (level 5, 0/35 HPs)
             Began as a Demonspawn Ice Elementalist on May 27, 2022.
             Succumbed to pkoi's ghost's poison
             ... on level 3 of the Dungeon.
             The game lasted 00:06:59 (3104 turns).

Icepheonix32 the Chiller (DsIE)                     Turns: 3104, Time: 00:07:01

Health: 0/35       AC:  9    Str:  9    XL:     5   Next: 89%
Magic:  1/8        EV: 12    Int: 18    God:
Gold:   110        SH:  0    Dex: 15    Spells: 1/8 levels left

rFire   . . .      SeeInvis .   c - +1 dagger
rCold   . . .      Faith    .   (no shield)
rNeg    . . .      Spirit   .   a - +1 robe
rPois   .          Reflect  .   (no helmet)
rElec   .          Harm     .   (no cloak)
rCorr   .          Rampage  .   (no gloves)
Will    .....                   (no boots)
Stlth   +++.......              (no amulet)
HPRegen 0.11/turn               (no ring)
MPRegen 0.11/turn               (no ring)

@: lethally poisoned (0 -> -12), ice-armoured
A: spiny 1, sturdy frame 1, demonic magic 1, agile 1, high MP 1
a: no special abilities


You were on level 3 of the Dungeon.
You visited 1 branch of the dungeon, and saw 3 of its levels.

You collected 110 gold pieces.

Inventory:

Hand Weapons
 c - a +1 dagger (weapon)
Missiles
 e - 8 poisoned darts
 g - 2 javelins
Armour
 a - a +1 robe (worn)
 k - the +1 ring mail "Difruu" {+Inv}
   (You took it off a hobgoblin on level 2 of the Dungeon)

   +Inv:      It lets you turn invisible.
Scrolls
 h - a scroll of immolation
 i - a scroll of fog
Potions
 f - a potion of mutation


   Skills:
 - Level 1.7 Dodging
 + Level 4.0 Stealth
 - Level 2.0 Spellcasting
 + Level 5.5 Ice Magic


You had one spell level left.
You knew the following spells:

 Your Spells              Type           Power      Damage    Failure   Level
a - Freeze                Ice            84%        1d10      1%          1
b - Ozocubu's Armour      Ice            21%        N/A       5%          3
c - Frozen Ramparts       Ice            42%        1d6       5%          3

Your spell library contained the following spells:

 Spells                   Type           Power      Damage    Failure   Level
 Portal Projectile        Hex/Tloc       2%         N/A       47%         3
 Hailstorm                Conj/Ice       11%        3d5       50%         4
 Ice Form                 Ice/Tmut       11%        N/A       50%         4
 Summon Ice Beast         Ice/Summ       11%        N/A       50%         4
 Blade Hands              Tmut           0%         N/A       99%         5
 Excruciating Wounds      Necr           0%         N/A       99%         5


Dungeon Overview and Level Annotations

Branches:
Dungeon (3/15)

Altars:
Dithmenos

Annotations:
D:3 pkoi's ghost, amateur DgGl


Innate Abilities, Weirdness & Mutations

You are partially covered in sharp spines.
Your movements are slightly less encumbered by armour. (ER -2)
Spells you cast may paralyse adjacent enemies.
You are agile. (Dex +2)
You have an increased reservoir of magic. (+10% MP)


Message History

A film of ice covers your body! Malevolent energies surge around you.
Pkoi's ghost suddenly stops moving!
You feel sick.
The helpless pkoi's ghost fails to defend itself.
You puncture pkoi's ghost!
Pkoi's ghost is lightly damaged.
You feel sick.
The helpless pkoi's ghost fails to defend itself.
You puncture pkoi's ghost!
You punch pkoi's ghost, but do no damage.
Pkoi's ghost is heavily damaged.
You feel sick.
The helpless pkoi's ghost fails to defend itself.
You puncture pkoi's ghost!
Pkoi's ghost is severely damaged.
You feel sick.
You are no longer poisoned.
The helpless pkoi's ghost fails to defend itself.
You puncture pkoi's ghost!
Pkoi's ghost is almost destroyed.
Pkoi's ghost is no longer paralysed.
Pkoi's ghost hits you.
* * * LOW HITPOINT WARNING * * *
You are lethally poisoned!
Unknown command.
Okay, then.
Casting: Ozocubu's Armour (dangerous; 5% risk of failure)
Confirm with . or Enter, or press ? or * to list all spells.
Your icy armour thickens.
Malevolent energies surge around you.
* * * LOW HITPOINT WARNING * * *
You feel very sick.
Pkoi's ghost flexes its fingers.
Pkoi's ghost misses you.
Casting: Ozocubu's Armour (dangerous; 5% risk of failure)
Confirm with . or Enter, or press ? or * to list all spells.
Aiming: Freeze (safe; 1% risk of failure)
Press: ? - help, Shift-Dir - straight line, f - pkoi's ghost
Aim: pkoi's ghost, wielding a weapon of venom (almost destroyed)
You freeze pkoi's ghost.
Pkoi's ghost resists.
Pkoi's ghost is almost destroyed.
Malevolent energies surge around you.
You die...

#..≈#..# #.#.# #... .≈..#..##
#.#.# ###. ..#§§§§§# #.#.# #.
(≈§§§§§§# #.#.# #. ..8§#§§§#
#.#.# #. ≈#.§#§§§# #####.#.# #.
#..####.###### #.....#.# #.
#####.§§.....######.#####.# #. .#
#.#######...W@..(.# #.# #. .# #.#
########..# #.# #. .###.#########
#..# #.# #. .............# #..#
#.# #. .###.#######.#
#..####.######.
..........##.######..............
####.####.................######.
# #..# ############..##### ##
#.## #..#


You could see pkoi's ghost.

Vanquished Creatures
  An ogre (D:3)
  Natasha (thrice) (D:3)
  4 adders
  2 worms
  8 endoplasms
  4 giant cockroaches
  A goblin (D:2)
  6 hobgoblins
  2 jackals (D:2)
  2 quokkas
  6 ball pythons
  5 bats
  4 frilled lizards
  4 kobolds
  4 rats (D:1)
56 creatures vanquished.

Notes
Turn   | Place    | Note
-------+----------+-------------------------------------------
     0 | D:1      | Icepheonix32 the Demonspawn Ice Elementalist began the
                  | quest for the Orb.
     0 | D:1      | Reached XP level 1. HP: 13/13 MP: 3/3
   964 | D:1      | Reached skill level 4 in Ice Magic
   986 | D:1      | Gained mutation: Spells you cast may paralyse adjacent
                  | enemies. [demonic ancestry]
   986 | D:1      | Reached XP level 2. HP: 18/19 MP: 1/5
  1353 | D:2      | Found a shadowy altar of Dithmenos.
  1444 | D:2      | Gained mutation: You are partially covered in sharp spines.
                  | [demonic ancestry]
  1444 | D:2      | Reached XP level 3. HP: 24/24 MP: 2/6
  1599 | D:2      | Learned a level 3 spell: Ozocubu's Armour
  1925 | D:2      | Identified the +1 ring mail "Difruu" {+Inv}
  2228 | D:3      | Noticed Natasha
  2235 | D:3      | Killed Natasha
  2236 | D:3      | Reached skill level 5 in Ice Magic
  2236 | D:3      | Reached XP level 4. HP: 30/30 MP: 5/7
  2306 | D:3      | Found a large runed translucent door.
  2307 | D:3      | Found a large runed translucent door.
  2309 | D:3      | Noticed pkoi's ghost (amateur DgGl)
  2537 | D:3      | Noticed an ogre
  2544 | D:3      | Killed an ogre
  2545 | D:3      | Gained mutation: Your movements are slightly less
                  | encumbered by armour. (ER -2) [demonic ancestry]
  2545 | D:3      | Reached XP level 5. HP: 35/35 MP: 3/8
  2726 | D:3      | Noticed Natasha
  2735 | D:3      | Killed Natasha
  2740 | D:3      | Learned a level 3 spell: Frozen Ramparts
  2811 | D:3      | Noticed Natasha
  2821 | D:3      | Killed Natasha
  3089 | D:3      | Gained mutation: You have an increased reservoir of magic.
                  | (+10% MP) [potion of mutation]
  3089 | D:3      | Gained mutation: You are agile. (Dex +2) [potion of
                  | mutation]
  3104 | D:3      | Succumbed to pkoi's ghost's poison

Illustrated notes

Levels and vault maps discovered:
D:1:      dpeg_chamrin_arrival_tetris, layout_basic
D:2:      layout_basic, basic_altar, minmay_misc_feat_nine_boxes,
          hangedman_glass_teeth
D:3:      layout_loops_ring, ebering_ghost_disaster_area, uniq_natasha

Skill      XL: |  1  2  3  4  5 |
---------------+----------------+-----
Ice Magic      | 4 5 |  5.5
Stealth        | 2 3 4 |  4.0
Dodging        | |  1.7
Spellcasting   | |  2.0

Action                   |  1- 3 |  4- 6 || total
-------------------------+-------+-------++-------
Melee: Dagger            |    31 |    24 ||    55
       Punch             |       |     1 ||     1
 Cast: Freeze            |    45 |    10 ||    55
       Ozocubu's Armour  |       |     5 ||     5
  Use: Scroll            |     4 |     3 ||     7
       Potion            |       |     4 ||     4
 Stab: Paralysed         |    10 |    12 ||    22
       Sleeping          |     3 |     1 ||     4
Armor: Robe              |    10 |     4 ||    14
Dodge: Dodged            |    35 |    20 ||    55
